 Dungeon Crawl Stone Soup version 0.23.2-1-ga50397a (webtiles) character file.

Game seed: 15992035572225251113

451 dengdeng the Chopper (level 6, 0/82 HPs)
             Began as a Minotaur Berserker on May 16, 2019.
             Was a Priest of Trog.
             Slain by an orc warrior
             ... wielding a +0 dire flail
              (2 damage)
             ... on level 6 of the Dungeon.
             The game lasted 00:09:09 (2971 turns).

dengdeng the Chopper (Minotaur Berserker)           Turns: 2971, Time: 00:09:10

Health: 0/82       AC:  9    Str: 28    XL:     6   Next: 75%
Magic:  5/5        EV: 10    Int:  4    God:    Trog [***...]
Gold:   87         SH:  0    Dex: 15    Spells: 5/5 levels left

rFire    . . .     SeeInvis .   s - +3 falchion (flame)
rCold    . . .     Gourm    .   (no shield)
rNeg     . . .     Faith    .   o - +0 chain mail
rPois    .         Spirit   .   (helmet restricted)
rElec    .         Reflect  .   (no cloak)
rCorr    .         Harm     .   (no gloves)
MR       .....                  (no boots)
Stlth    ..........             (no amulet)
HPRegen  0.23/turn              q - +5 ring of dexterity
MPRegen  0.09/turn              (no ring)

@: confused, berserking (expiring), very quick
A: retaliatory headbutt, horns 2
a: Berserk, Trog's Hand, Renounce Religion


You were on level 6 of the Dungeon.
You worshipped Trog.
Trog was most pleased with you.
You were not hungry.

You visited 1 branch of the dungeon, and saw 4 of its levels.

You collected 87 gold pieces.

Inventory:

Hand Weapons
 a - a +0 hand axe
 s - a +3 falchion of flaming (weapon)
Missiles
 f - 79 stones (quivered)
Armour
 o - a +0 chain mail (worn)
Jewellery
 q - a +5 ring of dexterity (left hand)
 r - an uncursed ring of protection from cold
Scrolls
 b - a scroll of fear {unknown}
 d - 4 scrolls of identify {unknown}
 e - 3 scrolls of remove curse {unknown}
 g - a scroll of immolation {unknown}
 j - 2 scrolls of teleportation {unknown}
 m - a scroll of enchant weapon {unknown}
Potions
 h - a potion of heal wounds {unknown}
 i - 3 potions of might {unknown}
 k - a potion of agility {unknown}
 l - a potion of degeneration {unknown}
 p - a potion of flight {unknown}
Comestibles
 c - 9 rations


   Skills:
 + Level 4.8 Fighting
 + Level 1.0 Long Blades
 + Level 6.1 Axes
 * Level 5.3 Armour
 + Level 3.2 Dodging
 + Level 1.1 Stealth


You had 5 spell levels left.
You didn't know any spells.
Your spell library was empty.

Dungeon Overview and Level Annotations

Branches:
Dungeon (3/15)

Altars:
Dithmenos
Makhleb
Nemelex Xobeh
Qazlal
Trog
Vehumet

Annotations:
D:3 2 transporters, Curus's ghost, amateur MfGl


Innate Abilities, Weirdness & Mutations

You reflexively headbutt those who attack you in melee.
You have a pair of horns on your head.


Message History

* * * LOW HITPOINT WARNING * * *
You hear some strange, mumbled words.
You are confused.
The leopard gecko closely misses you.
You hear some strange, mumbled words.
A puff of flame appears from out of thin air!
The puff of flame hits you!
* * * LOW HITPOINT WARNING * * *
Unknown command.
You slash the orc warrior! You burn the orc warrior.
You headbutt the orc warrior.
The orc warrior is heavily wounded.
The leopard gecko bites you but does no damage.
The orc warrior hits you with a +0 dire flail!
* * * LOW HITPOINT WARNING * * *
Unknown command.
You feel a strong urge to attack something.
The orc closely misses you.
The orc warrior hits you with a +0 dire flail.
You die...

#..###........#
##... #...
##.....### ###.
... #.....# ##
##....## #
#...((#
#....(#######
##...(......#
#...(......#
#..@o...####
##l.o..##
#..)..#
#......#
#......#
##......#
#......#
#......#
#.......


You could see an orc warrior, an orc and a leopard gecko.

Vanquished Creatures
  2 centaurs (D:6)
  Jessica (D:3)
  An iguana (D:6)
  3 orc wizards (D:3)
  A worker ant (D:6)
  5 adders
  A worm (D:3)
  A dart slug (D:3)
  A leopard gecko (D:1)
  13 orcs (D:3)
  5 bats
  2 giant cockroaches
  7 hobgoblins
  4 jackals (D:1)
  12 kobolds
  A ball python (D:3)
  7 frilled lizards
  7 goblins
  8 rats
82 creatures vanquished.

Notes
Turn   | Place    | Note
-------+----------+-------------------------------------------
     0 | D:1      | dengdeng the Minotaur Berserker began the quest for the
                  | Orb.
     0 | D:1      | Reached XP level 1. HP: 19/19 MP: 0/0
   285 | D:1      | Reached XP level 2. HP: 20/27 MP: 1/1
   386 | D:1      | Reached skill level 4 in Axes
   754 | D:1      | Reached ** piety under Trog
   756 | D:1      | Reached XP level 3. HP: 23/33 MP: 2/2
  1796 | D:3      | Reached XP level 4. HP: 40/40 MP: 3/3
  1899 | D:3      | Found a radiant altar of Vehumet.
  1899 | D:3      | Found a burning altar of Makhleb.
  1904 | D:3      | Found a sparkling altar of Nemelex Xobeh.
  1908 | D:3      | Found a bloodstained altar of Trog.
  1975 | D:3      | Found a stormy altar of Qazlal.
  2068 | D:3      | Found a transporter.
  2068 | D:3      | Noticed Curus's ghost (amateur MfGl)
  2081 | D:3      | Reached skill level 5 in Axes
  2133 | D:3      | Noticed Jessica
  2137 | D:3      | Killed Jessica
  2137 | D:3      | Reached XP level 5. HP: 47/47 MP: 4/4
  2151 | D:3      | Found a transporter.
  2156 | D:3      | Reached *** piety under Trog
  2497 | D:3      | You fall through a shaft for 3 floors!
  2513 | D:6      | Reached skill level 1 in Stealth
  2666 | D:6      | Reached XP level 6. HP: 46/53 MP: 5/5
  2712 | D:6      | Found a shadowy altar of Dithmenos.
  2741 | D:6      | Reached skill level 5 in Armour
  2962 | D:6      | Noticed an orc warrior
  2967 | D:6      | Reached skill level 1 in Long Blades
  2967 | D:6      | Reached skill level 6 in Axes
  2969 | D:6      | HP: 2/82 [orc warrior/+0 dire flail (11)]
  2971 | D:6      | Slain by an orc warrior

Skill      XL: |  1  2  3  4  5  6 |
---------------+-------------------+-----
Axes           | 4 5 6 |  6.1
Fighting       | 4 |  4.8
Armour         | 3 4 5 |  5.3
Dodging        | 3 |  3.2
Stealth        | 1 |  1.1
Long Blades    | 1 |  1.0

Action                   |  1- 3 |  4- 6 || total
-------------------------+-------+-------++-------
Melee: Hand axe          |    94 |    65 ||   159
       Headbutt          |    12 |    23 ||    35
       Falchion          |       |    22 ||    22
Throw: Stone             |       |     4 ||     4
Invok: Berserk           |       |     1 ||     1
  Eat: Chunk             |     2 |     5 ||     7
Armor: Animal skin       |    13 |       ||    13
       Chain mail        |     8 |    61 ||    69
Dodge: Dodged            |    66 |    52 ||   118
       Rpst.: Falchion   |       |     1 ||     1
